Map: Acropolis LE

Players

FLORENCIO - Winner!

  • Race: Terran Terran
  • League: Diamond
  • Spawn Location: 5:00

NaviSeal

  • Race: Protoss Protoss
  • League: Platinum
  • Spawn Location: 11:00

VOD

Have the link to the VOD?

Description

Time

  • Played on: Sept. 22, 2019, 3:19 p.m.
  • Length: 33:48
Show
View Real Time Build Order
Export as new Build Order

FLORENCIO Terran - Winner!

Build Orders:  

Get SALT Encoding   

  12  0:02  SCV  
  13  0:14  SCV  
  14  0:21  Supply Depot  
  14  0:26  SCV  
  15  0:39  Refinery  
  15  0:43  SCV  
  16  0:50  Barracks  
  16  0:55  SCV  
  17  1:12  Refinery, SCV  
  18  1:24  SCV  
  19  1:36  SCV  
  20  1:42  Supply Depot  
  20  1:45  Reaper  
  21  1:48  SCV  
  22  2:00  SCV  
  23  2:13  Orbital Command  
  23  2:25  Factory  
  23  2:28  Marine  
  24  2:41  Command Center  
  24  2:42  Bunker  
  24  2:46  Marine  
  25  2:52  Supply Depot  
  24  3:17  Starport  
  24  3:25  Supply Depot  
  24  3:29  Factory Tech Lab  
  24  3:31  SCV  
  25  3:37  Engineering Bay  
  25  3:43  SCV  
  25  3:48  Supply Depot  
  26  4:03  Factory Tech Lab  
  24  4:34  Fusion Core  
  24  4:37  SCV  
  25  4:42  Neosteel Armor  
  25  4:43  Siege Tank  
  28  4:49  SCV  
  28  4:51  Liberator  
  32  5:01  SCV  
  32  5:05  Supply Depot  
  32  5:06  Supply Depot  
  33  5:13  SCV  
  34  5:26  SCV  
  35  5:34  Battlecruiser  
  41  5:38  SCV  
  42  5:50  SCV  
  43  6:02  SCV  
  44  6:07  Command Center  
  44  6:14  SCV  
  44  6:17  Supply Depot  
  45  6:18  Supply Depot  
  45  6:26  SCV  
  46  6:33  Armory  
  46  6:41  Supply Depot  
  52  6:47  Battlecruiser  
  52  7:09  Widow Mine  
  54  7:28  Planetary Fortress  
  54  7:30  Widow Mine  
  53  7:52  Widow Mine  
  43  9:04  SCV  
  43  9:09  Planetary Fortress  
  44  9:17  SCV  
  45  9:47  SCV  
  47  10:06  SCV  
  46  10:09  Battlecruiser  
  52  10:18  SCV  
  52  10:20  Command Center  
  53  10:30  SCV  
  53  10:33  Supply Depot  
  53  10:34  Supply Depot  
  54  10:42  SCV  
  55  10:44  Drilling Claws  
  53  10:54  SCV  
  54  11:02  Refinery x2  
  54  11:12  SCV  
  55  11:24  SCV  
  56  11:33  Widow Mine  
  58  11:42  SCV  
  59  11:54  SCV, Widow Mine  
  62  12:06  SCV  
  63  12:12  Battlecruiser  
  63  12:13  Factory  
  63  12:15  Factory  
  69  12:18  SCV  
  70  12:29  Widow Mine  
  72  12:31  SCV  
  73  12:43  SCV  
  69  12:50  Widow Mine  
  64  13:12  Widow Mine  
  67  13:20  Planetary Fortress  
  66  13:29  SCV  
  66  13:32  Factory Reactor  
  66  13:33  Widow Mine  
  69  13:39  Factory Reactor  
  68  13:41  SCV  
  63  13:54  Widow Mine  
  57  14:16  Widow Mine  
  54  14:37  Widow Mine  
  56  14:56  Widow Mine x2  
  56  14:57  Widow Mine x2  
  56  14:59  Widow Mine  
  66  15:04  Command Center  
  66  15:08  Command Center  
  66  15:09  Command Center  
  66  15:18  Widow Mine x4  
  66  15:20  Widow Mine  
  76  15:23  Raven  
  76  15:30  Engineering Bay  
  68  15:39  Widow Mine  
  68  15:47  SCV  
  69  15:51  SCV  
  69  15:54  Refinery  
  70  15:57  Refinery  
  70  16:02  Hellion  
  70  16:03  SCV  
  70  16:08  Widow Mine x4  
  67  16:50  SCV  
  67  16:53  SCV x2  
  70  16:58  Widow Mine x2  
  74  17:03  SCV  
  74  17:05  SCV  
  76  17:15  SCV  
  77  17:17  SCV  
  78  17:27  SCV  
  78  17:29  SCV  
  80  17:39  SCV  
  80  17:41  SCV  
  82  17:53  SCV  
  82  17:56  Planetary Fortress  
  83  17:58  SCV  
  84  18:10  SCV  
  83  18:27  Widow Mine  
  83  18:28  Widow Mine x4  
  93  18:48  Fusion Core  
  93  18:49  Widow Mine x5  
  103  19:01  Planetary Fortress  
  103  19:03  SCV  
  103  19:05  Refinery  
  103  19:07  Refinery  
  104  19:10  Widow Mine  
  104  19:11  Widow Mine x4  
  104  19:15  SCV  
  115  19:27  SCV  
  116  19:32  Widow Mine x5  
  116  19:34  SCV  
  127  19:38  Supply Depot  
  127  19:39  SCV, Armory  
  128  19:46  SCV  
  128  19:51  SCV  
  130  19:53  Widow Mine x3  
  134  20:01  SCV  
  134  20:02  SCV  
  134  20:12  Refinery  
  134  20:13  SCV  
  133  20:14  SCV  
  133  20:17  Refinery  
  134  20:23  Factory Tech Lab  
  134  20:25  SCV  
  134  20:27  SCV  
  136  20:29  Factory, Factory Tech Lab  
  136  20:37  SCV  
  136  20:39  SCV  
  138  20:49  SCV  
  138  20:51  SCV  
  139  20:57  Battlecruiser  
  139  21:01  SCV  
  146  21:13  SCV  
  145  21:26  SCV  
  144  21:38  SCV  
  138  22:02  Battlecruiser  
  144  22:21  Thor x3  
  148  22:56  Widow Mine x2  
  152  23:01  Missile Turret  
  152  23:02  Missile Turret x2  
  152  23:03  Missile Turret  
  152  23:04  Thor x3  
  170  23:05  Missile Turret  
  169  23:17  Thor x6  
  169  23:18  Widow Mine x2  
  163  23:47  Thor x2  
  95  25:04  Thor x3  
  111  25:14  SCV  
  103  25:54  Widow Mine x5  
  103  25:56  SCV  
  114  26:15  Widow Mine x3  
  120  26:24  Widow Mine x2  
  124  26:36  SCV, Widow Mine  
  121  26:48  SCV  
  121  26:50  SCV  
  123  27:00  SCV  
  124  27:02  SCV  
  123  27:12  SCV  
  123  27:14  SCV  
  99  27:24  SCV  
  99  27:26  SCV  
  99  27:29  Thor x2  
  101  27:36  SCV  
  90  27:38  SCV  
  87  27:53  SCV  
  87  27:58  Command Center  
  88  28:05  SCV  
  89  28:13  Planetary Fortress  
  89  28:18  SCV  
  90  28:22  Thor x2  
  102  28:30  SCV  
  102  28:33  SCV  
  104  28:42  SCV  
  105  28:53  SCV  
  105  28:54  SCV  
  107  29:05  SCV  
  107  29:06  SCV, Thor x3  
  127  29:17  SCV  
  127  29:46  Raven  
  129  29:53  Planetary Fortress  
  129  29:57  SCV  
  130  30:00  Refinery  
  130  30:02  Refinery  
  130  30:03  SCV  
  131  30:09  SCV  
  131  30:11  Hellion x5  
  142  30:15  Refinery x2, SCV  
  142  30:21  SCV  
  144  30:27  SCV, Sensor Tower  
  145  30:28  Raven  
  145  30:32  Hellion  
  145  30:33  SCV  
  156  30:45  SCV, Widow Mine x2  
  156  30:46  Widow Mine  
  156  30:49  Widow Mine  
  159  30:54  Widow Mine  
  159  31:07  Widow Mine x3  
  159  31:11  Widow Mine  
  165  31:15  Widow Mine  
  165  31:18  Raven  
  161  31:27  Factory  
  161  31:28  Widow Mine x3  
  161  31:32  Widow Mine  
  169  31:36  Widow Mine  
  171  31:49  Widow Mine  
  171  31:50  Widow Mine x2  
  171  31:54  Widow Mine  
  179  31:57  Thor  
  185  32:10  Thor  
  185  32:14  Thor  
  182  32:40  Thor  
Show
View Real Time Build Order
Export as new Build Order

NaviSeal Protoss 

Build Orders:  

Get SALT Encoding   

  12  0:01  Probe  
  13  0:13  Probe  
  14  0:21  Pylon  
  14  0:25  Probe  
  15  0:39  Probe (Chrono Boost)  
  16  0:49  Probe (Chrono Boost)  
  17  0:54  Probe (Chrono Boost)  
  18  1:06  Probe, Gateway  
  18  1:07  Assimilator  
  18  1:08  Gateway  
  18  1:10  Assimilator  
  19  1:18  Probe  
  20  1:34  Probe  
  21  1:42  Pylon  
  21  1:48  Probe  
  22  1:55  Cybernetics Core  
  22  2:01  Probe  
  23  2:03  Pylon  
  23  2:13  Probe  
  24  2:25  Probe  
  24  2:29  Stalker (Chrono Boost)  
  22  2:30  Stalker (Chrono Boost)  
  28  2:40  Probe  
  29  2:45  Nexus  
  29  2:52  Stalker  
  31  3:14  Stalker  
  33  3:20  Pylon  
  33  3:27  Robotics Facility  
  33  3:29  Probe  
  34  3:35  Gateway  
  34  3:36  Gateway  
  34  3:41  Probe (Chrono Boost)  
  35  3:48  Pylon  
  35  3:52  Probe (Chrono Boost)  
  36  3:56  Probe (Chrono Boost)  
  35  4:27  Probe  
  35  4:28  Probe  
  35  4:29  Observer (Chrono Boost)  
  35  4:30  Warp Gate (Chrono Boost)  
  38  4:40  Probe  
  38  4:43  Gateway  
  38  4:44  Probe  
  40  4:45  Gateway  
  40  4:48  Pylon, Twilight Council  
  40  4:49  Observer  
  40  4:52  Probe  
  42  4:56  Probe  
  43  5:01  Assimilator  
  43  5:04  Probe  
  44  5:08  Probe  
  44  5:11  Assimilator  
  45  5:17  Observer  
  46  5:21  Probe x2  
  48  5:33  Probe x2  
  50  5:44  Blink (Chrono Boost)  
  50  5:45  Probe  
  50  5:46  Probe  
  54  5:56  Observer  
  53  5:57  Probe  
  53  6:00  Pylon  
  53  6:04  Pylon  
  54  6:10  Stalker x3  
  54  6:11  Pylon  
  60  6:13  Probe  
  60  6:16  Pylon  
  61  6:30  Probe  
  61  6:31  Stalker  
  61  6:32  Stalker x2  
  68  6:33  Probe  
  68  6:34  Zealot  
  68  6:35  Zealot x2  
  75  6:42  Probe  
  75  6:46  Nexus  
  76  6:52  Warp Prism, Probe  
  79  7:04  Zealot  
  79  7:05  Zealot x5  
  85  7:43  Stalker x3  
  85  7:44  Stalker x3  
  91  8:31  Stalker x2  
  91  8:32  Stalker x4  
  69  9:07  Cybernetics Core  
  69  9:16  Cybernetics Core  
  69  9:18  Gateway  
  69  9:21  Gateway  
  69  9:23  Gateway  
  69  9:28  Zealot x2  
  69  9:29  Zealot x3  
  71  9:51  Stalker x2  
  71  9:52  Stalker x4  
  69  10:06  Probe  
  70  10:13  Zealot  
  72  10:18  Zealot x3  
  76  10:33  Probe  
  69  10:50  Warp Prism (Chrono Boost)  
  69  10:53  Charge (Chrono Boost)  
  69  10:59  Stalker x2  
  69  11:00  Stalker x5  
  69  11:01  Stalker x2  
  86  11:45  Stalker  
  86  11:46  Stalker x4  
  86  11:47  Stalker x4  
  98  12:03  Probe  
  98  12:05  Probe x2  
  101  12:10  Zealot x3  
  101  12:11  Zealot  
  109  12:23  Pylon  
  109  12:26  Pylon  
  109  12:28  Pylon  
  109  12:32  Assimilator  
  109  12:34  Assimilator  
  109  12:41  Probe x3  
  109  12:42  Zealot x2  
  114  12:53  Probe  
  114  12:54  Zealot  
  114  12:55  Zealot x5  
  114  12:56  Zealot  
  109  13:18  Warp Prism (Chrono Boost)  
  105  13:21  Probe  
  104  13:29  Stalker x3  
  104  13:31  Stalker x5  
  96  14:22  Probe  
  97  14:27  Stalker x4  
  97  14:28  Stalker x4  
  97  14:29  Stalker  
  106  14:53  Probe x3  
  109  15:05  Probe x2  
  109  15:06  Probe  
  112  15:11  Nexus  
  112  15:17  Probe  
  112  15:18  Probe  
  107  15:50  Zealot  
  107  15:51  Zealot x4  
  107  15:52  Zealot x4  
  105  16:13  Probe  
  92  16:49  Probe x3  
  92  16:50  Warp Prism (Chrono Boost)  
  92  16:52  Probe  
  98  17:01  Probe x2  
  98  17:02  Zealot x4  
  98  17:03  Zealot x5  
  118  17:12  Stargate  
  118  17:14  Stargate  
  118  17:15  Stargate  
  100  17:46  Probe  
  100  17:49  Stalker x5  
  100  17:50  Stalker x4  
  113  18:13  Probe  
  114  18:22  Fleet Beacon  
  101  18:35  Assimilator  
  101  18:38  Assimilator  
  101  18:44  Forge  
  101  18:45  Forge  
  100  18:51  Stalker x2  
  100  18:52  Stalker  
  100  19:21  Probe  
  101  19:26  Probe  
  101  19:29  Photon Cannon  
  102  19:37  Carrier  
  102  19:38  Carrier  
  100  19:46  Mothership (Chrono Boost)  
  100  19:48  Carrier  
  125  20:15  Photon Cannon  
  125  20:17  Photon Cannon  
  125  20:19  Photon Cannon  
  125  20:20  Photon Cannon  
  125  20:49  Carrier x3 (Chrono Boost)  
  129  21:46  Carrier x2  
  129  21:47  Carrier  
  116  22:55  Pylon  
  115  22:59  Pylon  
  87  23:42  Photon Cannon  
  87  23:45  Photon Cannon  
  62  24:41  Probe x3  
  63  24:49  Probe  
  55  24:53  Probe  
  55  24:54  Probe x2  
  55  24:59  Zealot x3  
  64  25:00  Zealot x6  
  64  25:01  Probe  
  64  25:05  Probe  
  64  25:06  Probe x2  
  72  25:14  Probe  
  73  25:17  Probe  
  73  25:18  Probe  
  75  25:29  Mothership (Chrono Boost)  
  83  25:36  Probe x2  
  79  25:46  Zealot x5  
  79  25:47  Zealot x3  
  95  26:01  Probe x3  
  98  26:13  Probe x2  
  86  26:31  Probe x2  
  86  26:33  Probe  
  87  26:43  Probe  
  87  26:44  Probe  
  87  26:45  Probe (Chrono Boost)  
  90  26:48  Zealot  
  90  26:49  Zealot x4  
  101  27:01  Probe (Chrono Boost)  
  65  27:23  Stalker x2  
  65  27:24  Stalker x3  
  63  27:52  Templar Archives  
  63  28:09  Probe x3  
  66  28:22  Probe  
  66  28:25  Zealot x4  
  66  28:26  Zealot x3  
  81  28:30  Probe  
  81  28:32  Psionic Storm  
  81  28:33  High Templar x2  
  86  28:47  Probe  
  86  28:48  Probe  
  88  29:02  High Templar x4  
  94  29:03  High Templar  
  94  29:05  High Templar  
  94  29:07  High Templar  
  102  29:47  Photon Cannon, Probe x2  
  102  29:48  Probe x2  
  106  29:59  Probe  
  107  30:00  Probe  
  107  30:06  Probe  
  108  30:11  Observer (Chrono Boost)  
  109  30:21  Probe x3  
  109  30:23  Probe  
  113  30:29  High Templar x4  
  113  30:30  High Templar x4  
  113  30:31  High Templar  
  113  30:33  Probe  
  132  30:55  Probe  
  130  31:03  Nexus  
  130  31:04  Observer (Chrono Boost)  
  130  31:06  Pylon  
  130  31:08  Pylon  
  119  31:11  Assimilator  
  119  31:18  Observer (Chrono Boost)  
  119  31:35  Zealot x3  
  119  31:36  Zealot x2  
  119  31:37  Observer  
  119  31:38  High Templar  
  132  31:41  High Templar  
  134  31:59  Observer  
  111  32:40  Zealot x3  
  111  32:41  Zealot x3  
  111  32:42  Zealot x3  
  49  33:18  Zealot x4  
  49  33:19  Zealot x3  
Tags
 
Add a new tag
Caveats
  • Supply blocks, unpowered buildings, or Contaminate may cause inaccurate times.
  • Supply counts are checked every 10 seconds.